Map: Efflorescence LE

Players

Ossidium

  • Race: Zerg Zerg
  • Spawn Location: 12:00

Hebime

  • Race: Protoss Protoss
  • Spawn Location: 3:00

Subwaymaker - Winner!

  • Race: Protoss Protoss
  • League: Gold
  • Spawn Location: 6:00

Mesrob - Winner!

  • Race: Terran Terran
  • League: Platinum
  • Spawn Location: 9:00

VOD

Have the link to the VOD?

Description

Time

  • Played on: March 17, 2019, 10:03 p.m.
  • Length: 12:08
Show
View Real Time Build Order
Export as new Build Order

Ossidium Zerg 

Build Orders: Pool First 

Get SALT Encoding   

  12  0:01  Drone  
  13  0:23  Spawning Pool  
  13  0:25  Drone  
  13  0:35  Overlord  
  13  0:40  Drone  
  14  0:46  Extractor  
  14  0:48  Drone  
  14  1:09  Drone  
  14  1:10  Drone x2  
  17  1:16  Queen  
  19  1:27  Drone  
  20  1:48  Overlord  
  20  1:49  Hatchery  
  19  2:14  Drone x2  
  21  2:17  Extractor  
  20  2:23  Roach Warren  
  20  2:28  Spore Crawler  
  18  2:30  Drone x2  
  20  2:42  Drone  
  21  2:46  Metabolic Boost  
  21  2:56  Evolution Chamber  
  21  2:57  Drone  
  21  3:02  Lair  
  21  3:14  Queen  
  23  3:27  Overlord  
  23  3:43  Drone x3  
  26  3:51  Overlord  
  26  3:56  Roach x2  
  30  4:04  Spore Crawler  
  29  4:32  Zergling x6  
  29  4:33  Glial Reconstitution  
  29  4:36  Zerg Missile Weapons Level 1  
  29  4:38  Drone x4  
  36  4:57  Extractor  
  36  4:59  Drone, Overlord  
  37  5:00  Drone  
  37  5:03  Roach x2  
  41  5:18  Overseer  
  41  5:19  Pneumatized Carapace  
  41  5:20  Hydralisk Den  
  40  5:21  Overseer  
  40  5:24  Drone  
  41  5:28  Drone  
  41  5:29  Drone  
  41  5:31  Drone  
  44  5:57  Muscular Augments  
  44  6:00  Overlord  
  44  6:01  Drone x3  
  44  6:02  Drone  
  44  6:03  Drone x2  
  50  6:16  Drone x2  
  50  6:17  Overlord  
  52  6:19  Overlord x2  
  52  6:38  Roach x3  
  52  6:39  Hydralisk x2  
  62  6:47  Zerg Missile Weapons Level 2  
  62  6:56  Zergling x2  
  62  6:57  Zergling x6  
  66  7:08  Grooved Spines  
  66  7:11  Roach x2  
  66  7:12  Roach x2  
  74  7:24  Extractor  
  74  7:27  Roach x3  
  74  7:28  Zergling x6  
  82  7:42  Infestation Pit  
  81  7:59  Hydralisk  
  81  8:03  Overlord x4  
  83  8:15  Zergling x2  
  84  8:25  Roach x4  
  84  8:26  Hydralisk x3, Roach  
  102  8:37  Hive  
  100  8:42  Drone x3  
  100  8:43  Drone, Overlord  
  106  8:55  Roach  
  106  8:56  Roach  
  106  8:57  Roach x2  
  112  9:03  Zerg Ground Armor Level 1  
  112  9:13  Drone x2  
  114  9:24  Roach x2  
  114  9:25  Hydralisk x2, Roach  
  114  9:28  Overlord  
  124  9:40  Overlord x3  
  124  10:12  Hatchery  
  123  10:17  Spire  
  122  10:26  Zergling x4  
  122  10:27  Zergling x6  
  127  10:29  Roach x5  
  137  10:41  Baneling Nest  
  111  10:50  Zergling x4  
  111  10:51  Zergling x6  
  111  10:52  Zergling x6  
  54  11:06  Zergling x4  
  54  11:07  Zergling x2  
  53  11:17  Zergling x2  
  53  11:18  Zergling x2  
  55  11:25  Baneling x5  
  55  11:26  Baneling x6  
  55  11:27  Baneling x5  
  55  11:29  Baneling x5  
  55  11:30  Baneling  
  56  11:32  Drone  
  56  11:34  Zergling x2  
Show
View Real Time Build Order
Export as new Build Order

Hebime Protoss 

Build Orders:  

Get SALT Encoding   

  12  0:02  Probe  
  13  0:14  Probe  
  14  0:29  Probe  
  15  0:35  Pylon  
  15  0:59  Gateway  
  15  1:05  Probe  
  16  1:40  Forge  
  16  1:43  Pylon  
  16  1:47  Zealot  
  18  1:55  Assimilator  
  18  1:57  Probe  
  19  2:25  Probe  
  20  2:33  Zealot  
  20  2:34  Pylon  
  22  2:38  Probe  
  22  2:41  Cybernetics Core  
  23  2:47  Protoss Ground Weapons Level 1  
  23  3:00  Warp Gate  
  23  3:01  Gateway  
  23  3:03  Gateway  
  23  3:09  Pylon  
  23  3:32  Photon Cannon  
  23  3:35  Photon Cannon  
  23  3:38  Stalker  
  25  3:44  Assimilator  
  25  4:03  Stalker  
  25  4:32  Probe  
  26  4:44  Probe  
  27  4:47  Twilight Council  
  27  4:55  Robotics Facility  
  27  4:56  Pylon  
  27  5:07  Stalker  
  27  5:09  Zealot  
  27  5:10  Zealot  
  27  5:13  Nexus  
  33  5:22  Pylon  
  33  5:28  Charge, Probe  
  34  5:36  Probe  
  35  5:46  Probe  
  36  5:52  Immortal  
  40  5:58  Probe, Zealot  
  43  6:22  Probe  
  43  6:30  Probe  
  45  6:40  Probe  
  45  6:41  Immortal  
  45  6:43  Protoss Ground Weapons Level 2  
  45  6:45  Zealot  
  45  6:46  Zealot  
  54  6:52  Probe  
  55  7:01  Zealot  
  57  7:04  Probe  
  58  7:16  Probe  
  59  7:25  Zealot x2  
  59  7:28  Probe  
  64  7:36  Probe  
  64  7:43  Assimilator  
  65  7:44  Probe  
  65  7:46  Assimilator  
  66  7:52  Zealot  
  66  7:53  Zealot x2  
  66  7:55  Probe  
  73  8:01  Immortal  
  77  8:07  Probe  
  78  8:32  Pylon  
  78  8:34  Pylon  
  78  8:50  Probe  
  78  8:53  Zealot x3  
  85  8:59  Protoss Ground Armor Level 1  
  85  9:02  Probe  
  86  9:14  Probe  
  87  9:24  Zealot x3  
  91  9:26  Probe  
  91  9:29  Pylon  
  91  9:30  Pylon  
  94  9:32  Pylon  
  94  9:34  Pylon  
  94  9:47  Probe  
  95  9:54  Zealot  
  95  9:55  Zealot x2  
  95  9:59  Probe  
  102  10:06  Immortal  
  102  10:11  Probe, Stargate x2  
  107  10:31  Stalker  
  107  10:32  Stalker x2  
  40  11:39  Zealot x3  
Show
View Real Time Build Order
Export as new Build Order

Subwaymaker Protoss - Winner!

Build Orders: Archon Immortal 

Get SALT Encoding   

  12  0:01  Probe  
  13  0:13  Probe  
  14  0:19  Pylon  
  14  0:25  Probe  
  15  0:37  Probe  
  15  0:41  Gateway  
  16  0:45  Probe  
  17  0:53  Probe  
  18  0:58  Assimilator  
  18  1:04  Probe  
  19  1:16  Pylon  
  19  1:24  Gateway  
  19  1:31  Cybernetics Core  
  19  1:34  Probe  
  19  1:36  Assimilator  
  20  1:42  Probe  
  21  1:51  Probe  
  22  2:01  Probe  
  22  2:07  Warp Gate  
  23  2:10  Adept  
  23  2:14  Adept  
  27  2:35  Nexus  
  27  2:38  Probe  
  28  2:46  Gateway  
  28  3:03  Forge  
  28  3:05  Shield Battery  
  28  3:08  Pylon  
  28  3:39  Gateway  
  28  3:41  Pylon  
  28  3:43  Pylon, Probe  
  29  3:48  Probe  
  31  3:55  Probe  
  31  4:00  Probe  
  32  4:07  Probe  
  33  4:23  Stalker  
  31  4:24  Stalker x2  
  35  4:32  Robotics Facility  
  35  4:38  Robotics Facility  
  35  4:47  Sentry x2  
  35  4:49  Sentry x2  
  35  4:50  Probe x2  
  43  4:58  Probe  
  43  4:59  Probe  
  47  5:07  Probe  
  47  5:08  Probe  
  47  5:14  Stalker x4  
  57  5:29  Twilight Council  
  57  5:35  Assimilator  
  57  5:37  Immortal  
  57  5:41  Probe  
  57  5:42  Assimilator, Probe  
  59  5:43  Immortal  
  63  5:54  Probe  
  68  6:09  Pylon  
  68  6:11  Charge  
  68  6:13  Pylon, Zealot  
  70  6:27  Immortal  
  70  6:28  Immortal  
  78  6:42  Gateway  
  78  6:44  Gateway  
  78  6:46  Gateway  
  78  6:47  Gateway  
  78  6:55  Templar Archives  
  78  7:00  Pylon  
  78  7:02  Shield Battery  
  78  7:04  Zealot  
  78  7:05  Zealot x3  
  86  7:10  Immortal  
  86  7:15  Observer  
  91  7:40  High Templar  
  93  7:54  Pylon  
  93  7:57  Pylon  
  93  8:01  Pylon  
  93  8:06  Pylon  
  101  8:12  Immortal x2  
  101  8:16  High Templar x3  
  107  8:33  Archon  
  107  8:41  Archon  
  107  8:44  High Templar x2  
  107  8:45  Zealot  
  107  8:46  Zealot x2  
  117  8:49  Zealot x3  
  123  8:57  Archon  
  123  9:12  Pylon  
  123  9:15  Gateway  
  123  9:16  Gateway  
  123  9:18  Gateway  
  123  9:35  High Templar  
  123  9:36  High Templar x2  
  129  9:39  High Templar  
  131  9:51  Archon  
  131  9:52  Archon  
  131  9:53  Zealot  
  133  10:04  Blink  
  133  10:11  Pylon  
  133  10:34  Zealot  
  133  10:35  Zealot x3  
  141  10:36  Pylon x2  
  109  10:58  Zealot x2  
  109  10:59  Zealot x9  
  107  11:11  Nexus  
  101  11:14  Pylon  
  101  11:17  Pylon  
  101  11:19  Assimilator  
  101  11:23  Assimilator  
  101  11:33  Zealot x5  
  101  11:37  High Templar x3  
Show
View Real Time Build Order
Export as new Build Order

Mesrob Terran - Winner!

Build Orders: Mech 

Get SALT Encoding   

  12  0:01  SCV  
  13  0:13  SCV  
  14  0:18  Supply Depot  
  14  0:25  SCV  
  15  0:40  SCV  
  15  0:41  Barracks  
  16  0:46  Refinery  
  16  0:52  SCV  
  17  1:04  SCV  
  18  1:16  SCV  
  19  1:28  Orbital Command  
  19  1:39  Command Center  
  19  1:41  Marine  
  20  1:54  Factory  
  20  1:58  SCV  
  21  2:10  Barracks Tech Lab, SCV  
  22  2:15  Engineering Bay  
  22  2:22  SCV  
  23  2:51  Supply Depot, Siege Tank  
  26  2:57  Supply Depot  
  26  2:58  Refinery, SCV  
  26  3:02  Orbital Command  
  27  3:10  SCV  
  28  3:21  Missile Turret  
  28  3:27  Missile Turret  
  28  3:28  SCV  
  29  3:38  SCV  
  29  3:39  Refinery  
  29  3:41  SCV  
  31  3:48  Missile Turret  
  31  3:50  SCV  
  31  3:52  Factory, Siege Tank  
  31  3:53  SCV  
  36  4:02  SCV  
  37  4:05  SCV  
  38  4:12  Armory  
  38  4:14  SCV  
  39  4:17  SCV  
  40  4:26  SCV  
  40  4:29  SCV  
  42  4:36  Factory  
  42  4:39  Factory Reactor  
  42  4:44  SCV  
  43  4:50  Refinery, SCV  
  44  4:56  SCV  
  44  4:57  Siege Tank  
  48  5:01  Supply Depot  
  48  5:02  SCV  
  49  5:08  SCV  
  50  5:14  SCV  
  50  5:20  SCV  
  52  5:22  Factory Reactor  
  52  5:29  Factory  
  52  5:42  Hellbat x2  
  56  6:01  Terran Vehicle Weapons Level 1  
  56  6:04  Supply Depot  
  56  6:06  SCV  
  56  6:09  Command Center  
  57  6:13  Supply Depot  
  57  6:20  Factory Tech Lab  
  57  6:25  Factory  
  57  6:28  Thor  
  63  6:36  Supply Depot  
  63  6:58  Supply Depot  
  63  7:03  Thor  
  63  7:05  Hellbat x2  
  63  7:06  Hellbat x2  
  77  7:11  Factory Tech Lab  
  77  7:12  SCV  
  78  7:21  Supply Depot  
  78  7:25  SCV  
  79  7:35  Hellbat x4  
  87  7:38  Thor x2  
  87  7:44  Supply Depot  
  99  7:59  Thor  
  99  8:00  Hellbat  
  99  8:01  Hellbat x3  
  113  8:23  SCV x2  
  115  8:35  SCV x2  
  115  8:38  Refinery  
  115  8:39  Planetary Fortress  
  117  8:47  Terran Vehicle And Ship Armor Level 1, SCV x2  
  119  8:49  Thor  
  119  8:55  Supply Depot  
  125  9:08  SCV x2  
  127  9:19  Supply Depot  
  127  9:20  SCV x2  
  127  9:23  Hellbat  
  131  9:27  Command Center  
  131  9:29  Refinery  
  131  9:32  SCV x2  
  131  9:36  SCV  
  134  9:42  Supply Depot  
  134  9:44  SCV x2  
  136  9:53  Factory  
  136  10:05  Supply Depot  
  136  10:37  Factory  
  124  10:54  Thor x3  
  124  10:56  Hellbat  
  124  10:57  Hellbat x3  
  126  11:10  SCV x3  
  129  11:11  Planetary Fortress  
  129  11:16  Refinery  
  129  11:18  Hellbat x4  
  137  11:22  SCV x3  
  140  11:26  Factory  
  140  11:32  Factory Tech Lab x2  
  140  11:34  SCV x3  
  160  11:42  Refinery  
  160  11:46  SCV x2  
Tags
 
Add a new tag
Caveats
  • Supply blocks, unpowered buildings, or Contaminate may cause inaccurate times.
  • Supply counts are checked every 10 seconds.